Description

ZvZ DRG vs Serral

Replay - DRG v Serral: Game 1 - [ESL] Dragon Scales

Build Order

Get SALT Encoding   

  12  0:00  Drone  
  13  0:12  Overlord  
  13  0:16  Drone  
  14  0:30  Drone x2  
  16  0:49  Hatchery  
  15  0:51  Drone x2  
  17  0:59  Drone  
  18  1:09  Extractor  
  17  1:13  Spawning Pool  
  17  1:16  Drone x2  
  18  1:27  Drone  
  20  2:00  Queen x2  
  25  2:01  Zergling x2  
  25  2:02  Overlord  
  26  2:09  Metabolic Boost  
  30  2:34  Hatchery  
  31  2:45  Baneling Nest  
  30  2:52  Overlord  
  32  3:04  Zergling x2  
  33  3:08  Overlord  
  33  3:11  Zergling x4  
  37  3:16  Zergling x2  
  40  3:25  Evolution Chamber  
  40  3:29  Zergling x4  
  42  3:40  Zergling x4  
  44  3:43  Overlord  
  44  3:45  Queen  
  46  3:49  Zergling x2  
  46  3:54  Zerg Missile Weapons Level 1  
  51  4:01  Baneling  
  59  4:22  Extractor x2  
  59  4:23  Roach Warren  
  55  4:25  Baneling x2  
  67  5:01  Lair  
  67  5:04  Roach x3  
  73  5:07  Extractor  
Spawning Tool Build Advisor. Get it on Overwolf

Go to:

Details

  • Created by: FirU
  • Published on: Mar 10, 2023
  • Modified on: Mar 10, 2023
  • Patch: 5.0.11
  • Difficulty: Medium
Show
View Real Time Build Order
Export as new Build Order

Comments (0)

There are no comments. Be the first!

Create an account to comment!